Map: Lueur nocturne EC

Players

IA (moyenne)

  • Race: Terran Terran
  • Spawn Location: 11:00

WipeR - Winner!

  • Race: Protoss Protoss
  • League: Platinum
  • Spawn Location: 5:00

VOD

Have the link to the VOD?

Description

Time

  • Played on: Dec. 21, 2020, 7:04 a.m.
  • Length: 6:07
Show
View Real Time Build Order
Export as new Build Order

IA (moyenne) Terran 

Build Orders:  

Get SALT Encoding   

  12  0:00  SCV  
  13  0:13  SCV  
  14  0:18  Supply Depot  
  14  0:25  SCV  
  15  0:40  SCV  
  15  0:42  Barracks  
  16  0:49  Refinery  
  16  0:52  SCV  
  17  1:04  SCV  
  18  1:17  Supply Depot  
  18  1:29  Marine  
  19  1:33  Barracks, Orbital Command  
  19  1:42  Refinery  
  19  1:48  Barracks Tech Lab  
  19  2:06  Marine  
  20  2:10  Supply Depot  
  20  2:24  Marine  
  20  2:27  Marine  
  20  2:29  SCV  
  23  2:41  SCV  
  23  2:42  Marauder  
  26  2:45  Marine  
  26  2:46  Supply Depot  
  27  2:53  SCV  
  27  2:54  Engineering Bay  
  28  3:03  Marine  
  29  3:06  SCV, Marauder  
  32  3:18  SCV  
  33  3:28  Marauder  
  33  3:30  SCV  
  36  4:15  SCV  
  36  4:20  Marine  
  34  4:29  Marine  
  30  4:38  Marine  
  31  4:47  Marine  
  31  4:56  Marauder  
  28  5:05  SCV, Marine  
  27  5:07  Factory  
  27  5:09  Supply Depot  
  27  5:14  Missile Turret  
  24  5:17  SCV, Marine  
  26  5:21  Factory  
  26  5:23  Reaper  
  25  5:29  SCV  
  25  5:35  Marine  
  23  5:41  SCV  
  16  5:53  SCV  
  9  6:03  Factory Tech Lab  
Show
View Real Time Build Order
Export as new Build Order

WipeR Protoss - Winner!

Build Orders:  

Get SALT Encoding   

  12  0:09  Pylon  
  12  0:13  Probe  
  13  0:25  Probe (Chrono Boost)  
  14  0:31  Gateway  
  14  0:37  Probe (Chrono Boost)  
  14  0:42  Assimilator  
  15  0:43  Probe (Chrono Boost)  
  16  0:52  Probe  
  16  0:54  Assimilator  
  17  1:04  Probe  
  18  1:16  Probe, Pylon  
  19  1:21  Cybernetics Core  
  19  1:28  Probe  
  20  1:41  Gateway  
  20  1:42  Probe  
  21  1:55  Probe  
  21  1:57  Adept (Chrono Boost)  
  24  2:08  Robotics Facility  
  24  2:11  Probe  
  24  2:15  Warp Gate (Chrono Boost)  
  25  2:19  Sentry (Chrono Boost)  
  29  2:33  Sentry (Chrono Boost)  
  29  2:36  Pylon  
  29  2:51  Gateway  
  29  2:54  Warp Prism  
  31  3:08  Gateway  
  31  3:11  Pylon  
  31  4:08  Stalker x4  
  27  4:38  Stalker x2  
  27  4:39  Stalker x2  
  27  4:43  Shield Battery x2  
  27  4:45  Shield Battery  
  35  4:47  Pylon  
  35  5:16  Stalker x4  
  43  5:40  Zealot x2  
  43  5:41  Zealot x2  
Tags
 
Add a new tag
Caveats
  • Supply blocks, unpowered buildings, or Contaminate may cause inaccurate times.
  • Supply counts are checked every 10 seconds.